 Dungeon Crawl Stone Soup version 0.21.1-1-g345015f (webtiles) character file.

58 letownia2 the Conjurer (level 4, -2/24 HPs)
             Began as a Tengu Conjurer on Mar 5, 2018.
             Shot with an arrow by a centaur (6 damage)
             ... on level 3 of the Dungeon.
             The game lasted 00:02:12 (496 turns).

letownia2 the Conjurer (Tengu Conjurer)              Turns: 496, Time: 00:02:13

Health: -2/24      AC:  2    Str:  9    XL:     4   Next: 1%
Magic:  5/8        EV: 12    Int: 16    God:
Gold:   35         SH:  0    Dex: 14    Spells: 4/7 levels left

rFire    . . .     SeeInvis .   d - +0 rapier (venom)
rCold    . . .     Gourm    .   (no shield)
rNeg     . . .     Faith    .   a - +0 robe
rPois    .         Spirit   .   (helmet restricted)
rElec    .         Reflect  .   (no cloak)
rCorr    .         Harm     .   (no gloves)
MR       .....                  (boots unavailable)
Stlth    ++........             (no amulet)
HPRegen  0.08/turn              (no ring)
MPRegen  0.11/turn              (no ring)

@: no status effects
A: beak, talons 3
a: no special abilities


You were on level 3 of the Dungeon.
You were not hungry.

You visited 1 branch of the dungeon, and saw 3 of its levels.

You collected 35 gold pieces.

Inventory:

Hand Weapons
 d - a +0 rapier of venom (weapon)
 e - a +0 whip of freezing
Armour
 a - a +0 robe (worn)
Scrolls
 f - a scroll of remove curse {unknown}
 i - a scroll of identify {unknown}
 k - a scroll of enchant armour {unknown}
Potions
 g - a potion of heal wounds {unknown}
 h - a potion of curing {unknown}
 j - a potion of berserk rage {unknown}
Books
 b - a book of Conjurations

   Spells                             Type                      Level
   a - Magic Dart                     Conjuration                  1
   b - Searing Ray                    Conjuration                  2
   c - Dazzling Spray                 Conjuration/Hexes            3
   d - Fulminant Prism                Conjuration/Hexes            4
   e - Force Lance                    Conjuration/Translocation    4
   f - Iskenderun's Mystic Blast      Conjuration                  4
Comestibles
 c - 2 rations


   Skills:
 - Level 2.1 Dodging
 - Level 2.0 Stealth
 - Level 2.0 Spellcasting
 + Level 7.2 Conjurations


You had 4 spell levels left.
You knew the following spells:

 Your Spells              Type           Power        Failure   Level  Hunger
a - Magic Dart            Conj           ###.         1%          1    #......
l - Searing Ray           Conj           ###...       1%          2    ###....


Dungeon Overview and Level Annotations

Branches:
Dungeon (3/15)

Altars:


Innate Abilities, Weirdness & Mutations

You have a beak for a mouth.
You have claws for feet.


Message History

c - 2 rations (gained 1)
There is a stone staircase leading down here.
You climb downwards. 3 orcs and a centaur come into view.
The centaur shouts!
The orc shouts! x3
The centaur hits you!
The orc closely misses you. x2; The centaur misses you.
The orc closely misses you.
Found 13 gold pieces and 13 poisoned needles.
Found a stone staircase leading up.
There is a stone staircase leading up, spattered with blood here.
Unknown command.
The orc hits you with a short sword.
* * * LOW HITPOINT WARNING * * *
The orc hits you with a dagger.
* * * LOW HITPOINT WARNING * * *
Unknown command.
Unknown command.
Unknown command.
The centaur wields a shortbow.
The centaur shoots an arrow.
The arrow hits you.
You die...

##### ####
##...##...##
##..........#
#.....<......
#.oo.@.......
#..co........
#.....$......#
#...##...##..(##
...######## ####
.. ..###
###....###
#........ #<#


You could see a centaur and 3 orcs.

Vanquished Creatures
  3 adders (D:2)
  A worm (D:2)
  A dart slug (D:2)
  2 leopard geckos (D:2)
  2 orcs (D:3)
  A giant cockroach (D:1)
  2 hobgoblins (D:2)
  4 jackals (D:2)
  2 bats (D:1)
  2 frilled lizards (D:2)
  5 rats
25 creatures vanquished.

Notes
Turn   | Place    | Note
-------+----------+-------------------------------------------
     0 | D:1      | letownia2 the Tengu Conjurer began the quest for the Orb.
     0 | D:1      | Reached XP level 1. HP: 10/10 MP: 4/4
   124 | D:3      | Reached XP level 2. HP: 15/15 MP: 0/6
   137 | D:2      | Reached skill level 6 in Conjurations
   200 | D:2      | Learned a level 2 spell: Searing Ray
   296 | D:2      | Reached XP level 3. HP: 8/19 MP: 0/7
   371 | D:2      | Reached skill level 7 in Conjurations
   461 | D:2      | Reached XP level 4. HP: 13/24 MP: 1/8
   494 | D:3      | Noticed a centaur
   496 | D:3      | Shot with an arrow by a centaur

Skill      XL: |  1  2  3 |
---------------+----------+-----
Conjurations   | 6 7 |  7.2
Dodging        | |  2.1
Stealth        | |  2.0
Spellcasting   | |  2.0

Action                   |  1- 3 |  4- 6 || total
-------------------------+-------+-------++-------
Melee: Kick              |     7 |       ||     7
       Unarmed           |     2 |       ||     2
       Rapier            |    19 |       ||    19
       Peck              |     2 |       ||     2
 Cast: Magic Dart        |    37 |     1 ||    38
       Searing Ray       |     1 |       ||     1
Armor: Robe              |     4 |       ||     4
Dodge: Dodged            |    23 |     4 ||    27
